 Dungeon Crawl Stone Soup version 0.24-a0-784-g601f8f6d22 (webtiles) character file.

Game seed: 6731771379436970371, levelgen mode: deterministic

0 Gargoyl the Skirmisher (level 1, -2/19 HPs)
             Began as a Centaur Abyssal Knight on Oct 9, 2019.
             Was a Follower of Lugonu.
             Slain by a tentacled starspawn (15 damage)
             ... on level 1 of the Abyss.
             The game lasted 00:01:13 (246 turns).

Gargoyl the Skirmisher (Centaur Abyssal Knight)      Turns: 246, Time: 00:01:14

Health: -2/19      AC:  5    Str: 10    XL:     1   Next: 0%
Magic:  2/2        EV:  9    Int: 11    God:    Lugonu [*.....]
Gold:   0          SH:  0    Dex:  8    Spells: 0/0 levels left

rFire    . . .     SeeInvis .   a - +1 hand axe
rCold    . . .     Gourm    .   (no shield)
rNeg     . . .     Faith    .   b - +1 leather armour
rPois    .         Spirit   .   (no helmet)
rElec    .         Reflect  .   (no cloak)
rCorr    .         Harm     .   (no gloves)
MR       .....     Rnd*Rage +   (no barding) Stlth ..........Rnd*Tele +
                                (no amulet)
HPRegen  0.06/turn              (no ring)
MPRegen  0.08/turn              (no ring)

@: about to teleport, very quick
A: large, hooves 3, [berserk 2], deformed body, speed 2, [teleportitis 2], tough
skin 3, [weak 2]
a: Depart the Abyss, Renounce Religion


You were on level 1 of the Abyss.
You worshipped Lugonu.
Lugonu was aware of your devotion.
You were not hungry.

You visited 0 branches of the dungeon, and saw 0 of its levels.
You visited the Abyss 1 time.

Inventory:

Hand Weapons
 a - a +1 hand axe (weapon)
Armour
 b - a +1 leather armour (worn)
Scrolls
 d - a scroll of magic mapping
Comestibles
 c - a ration


   Skills:
 + Level 3.0 Fighting
 + Level 1.7 Axes
 + Level 1.3 Armour
 + Level 0.6 Dodging
 + Level 2.0 Invocations


You couldn't memorise any spells.
You didn't know any spells.
Your spell library was empty.

Dungeon Overview and Level Annotations

Branches:
Dungeon (0/15)

Altars:


Innate Abilities, Weirdness & Mutations

You have hooves in place of feet.
Armour fits poorly on your strangely shaped body.
You cover ground very quickly.
You have extremely tough skin. (AC +3)
[You often lose your temper in combat.]
[You are sometimes teleported next to monsters.]
[You are very weak. (Str -4)]


Message History

You feel the power of the Abyss delaying your translocation!
It was a scroll of teleportation.
A ynoxinul comes into view.
Tentacles burst from the starspawn's body! 2 starspawn tentacles come into view.
You closely miss the ynoxinul. The ynoxinul barely misses you.
You hit the ynoxinul but do no damage.
Tentacles burst from the starspawn's body!
The ynoxinul gestures. 2 starspawn tentacles come into view.
You barely miss the ynoxinul.
You hit the starspawn tentacle but do no damage.
The ynoxinul barely misses you.
You hit the ynoxinul.
You kick the ynoxinul, but do no damage.
The ynoxinul is lightly wounded.
You barely miss the tentacled starspawn.
The ynoxinul barely misses you. The tentacled starspawn bites you!
Ouch! That really hurt!
You die...

.#####..#...#..#
#... ..*.....# #
#.. ## .##.##
#.. .#...#...#
#. . ..... ##
#*.....# #.##...
# # ###..X#####
# #@##..#
#X3X5.# ##w5.##
#..#.ยง.
#wX#....## ..#
#..##.. ##. .#..
.## .#.##..# #
#### .#.#


You could see a tentacled starspawn, a large abomination, a ynoxinul, a
starspawn tentacle and 2 ufetubi.

Vanquished Creatures (others)
  7 starspawn tentacles (Abyss:1)
7 creatures vanquished.

Notes
Turn   | Place    | Note
-------+----------+-------------------------------------------
     0 | Abyss:1  | Gargoyl the Centaur Abyssal Knight began the quest for the
                  | Orb.
     0 | Abyss:1  | Reached XP level 1. HP: 19/19 MP: 2/2
    50 | Abyss:1  | Noticed a smoke demon
    53 | Abyss:1  | Noticed a chaos spawn
    55 | Abyss:1  | Noticed a large abomination
    83 | Abyss:1  | Noticed a neqoxec
    90 | Abyss:1  | Noticed a quasit
    98 | Abyss:1  | Noticed a small abomination
   100 | Abyss:1  | Noticed a crimson imp
   111 | Abyss:1  | Noticed a small abomination
   114 | Abyss:1  | Noticed a chaos spawn
   114 | Abyss:1  | Noticed a small abomination
   126 | Abyss:1  | Noticed a ynoxinul
   130 | Abyss:1  | Noticed a tentacled starspawn
   142 | Abyss:1  | Noticed a tentacled starspawn
   143 | Abyss:1  | Noticed a spatial maelstrom
   149 | Abyss:1  | Noticed a spatial vortex
   150 | Abyss:1  | Noticed a small abomination
   153 | Abyss:1  | Noticed a spatial vortex
   154 | Abyss:1  | Noticed a tentacled starspawn
   170 | Abyss:1  | Noticed a spatial vortex
   170 | Abyss:1  | Noticed a spatial vortex
   172 | Abyss:1  | Noticed a spatial vortex
   177 | Abyss:1  | Noticed a blizzard demon
   181 | Abyss:1  | Noticed a small abomination
   190 | Abyss:1  | Noticed a spatial vortex
   197 | Abyss:1  | Noticed a thrashing horror
   200 | Abyss:1  | Noticed a smoke demon
   208 | Abyss:1  | Noticed a worldbinder
   215 | Abyss:1  | Noticed a wretched star
   218 | Abyss:1  | Noticed a deep elf mage
   222 | Abyss:1  | Noticed a large abomination
   223 | Abyss:1  | Noticed a deep elf archer
   223 | Abyss:1  | Noticed a deep elf knight
   237 | Abyss:1  | Noticed a ynoxinul
   246 | Abyss:1  | Slain by a tentacled starspawn

Levels and vault maps discovered:
Abyss:1:  bh_abyss_exit_choice, abyss_furniture_001, evilmike_abyss_exit_chaos,
          abyss_furniture_001

Action                   || total
-------------------------++-------
Melee: Hand axe          ||     6
       Kick              ||     1
  Use: Scroll            ||     4
       Potion            ||     1
Armor: Leather armour    ||     1
Dodge: Dodged            ||     5

Table legend:
 A = Non-vault XP
 B = Vault XP
 C = Vault XP percentage of total XP
 D = Non-vault monster count
 E = Vault monster count
 F = Vault count percentage of total count
                 A         B        C        D         E       F
            +---------+---------+-------+---------+---------+-------
      Total |       0 |       0 |   N/A |       0 |       0 |  -nan
            +---------+---------+-------+---------+---------+-------
            +---------+---------+-------+---------+---------+-------
